 Dungeon Crawl Stone Soup version 0.30-a0-883-g5ad918d77d (webtiles) character file.

Game seed: 16047471336307054498

11601 Lobster4 the Cleaver (level 11, -3/84 HPs)
             Began as a Hill Orc Summoner on Mar 16, 2023.
             Was an Elder of Hepliaklqana.
             Slain by an anaconda skeleton (4 damage)
             ... in a volcano.
             The game lasted 00:53:59 (14480 turns).

Lobster4 the Cleaver (Hill Orc Summoner)           Turns: 14480, Time: 00:54:00

Health: -3/84      AC: 14    Str: 12    XL:     11   Next: 80%
Magic:  15/19      EV: 10    Int: 19    God:    Hepliaklqana [****..]
Gold:   673        SH:  0    Dex: 11    Spells: 11/20 levels left

rFire   . . .      SeeInvis .    v - +1 war axe (drain)
rCold   . . .      Faith    .    (no shield)
rNeg    . . .      Spirit   .    Q - +3 leather armour
rPois   .          Reflect  .    q - +1 helmet
rElec   .          Rampage  .    F - scarf {repulsion}
rCorr   .                        a - +0 pair of gloves
Will    .....                    (no boots)
Stlth   ++                       x - amulet of regeneration
HPRegen 1.14/turn                A - +4 ring of slaying
MPRegen 0.16/turn                R - +4 ring of protection

@: about to teleport, constricted, repel missiles
A: reduced essence
a: Renounce Religion, Recall Ancestor, Ancestor Identity, Transference, Idealise


You were in a volcano.
You worshipped Hepliaklqana.
Hepliaklqana was greatly pleased with you.
You visited 2 branches of the dungeon, and saw 12 of its levels.
You also visited: Sewer and Volcano.

You collected 793 gold pieces.
You spent 120 gold pieces at shops.

Inventory:

Hand Weapons
 r - a +0 sling
 v - a +1 war axe of draining (weapon)
 B - a +0 morningstar of freezing
 J - a +0 shortbow
Missiles
 n - 7 curare-tipped darts
 s - 31 poisoned darts
 y - 3 javelins
 z - 11 boomerangs
 H - a silver boomerang
 L - 3 silver javelins
Armour
 a - a +0 pair of gloves (worn)
 q - a +1 helmet (worn)
 F - a scarf of repulsion (worn)
 P - a +4 plate armour
 Q - a +3 leather armour (worn)
Magical Staves
 i - a staff of air
Jewellery
 l - a ring of protection from cold
 x - an amulet of regeneration (around neck)
 A - a +4 ring of slaying (left hand)
 R - a +4 ring of protection (right hand)
Wands
 p - a wand of roots (8)
 E - a wand of polymorph (18)
Scrolls
 f - 2 scrolls of poison
 o - a scroll of summoning
 t - 3 scrolls of teleportation
 G - a scroll of fear
 O - 2 scrolls of enchant armour
 S - a scroll of fog {unknown}
 T - a scroll of silence {unknown}
 V - a scroll of enchant weapon
Potions
 b - 4 potions of magic
 c - a potion of lignification
 d - a potion of ambrosia
 e - 3 potions of invisibility
 g - 6 potions of haste {unknown}
 j - 4 potions of mutation {unknown}
 m - 2 potions of resistance {unknown}
 w - 3 potions of brilliance
 D - 3 potions of flight {unknown}
 I - a potion of might
 M - 2 potions of curing
 U - a potion of berserk rage


   Skills:
 + Level 8.2 Fighting
 + Level 8.9 Axes
 + Level 1.2 Throwing
 + Level 6.1 Armour
 + Level 6.0 Dodging
 - Level 2.0 Stealth
 + Level 2.4 Shields
 + Level 5.4 Spellcasting
 - Level 3.0 Hexes
 + Level 7.9 Summonings
 + Level 8.2 Invocations
 - Level 3.0 Evocations


You had 11 spell levels left.
You knew the following spells:

 Your Spells              Type           Power      Damage    Failure   Level
a - Summon Small Mammal   Summ           100%       N/A       1%          1
b - Call Imp              Summ           35%        N/A       1%          2
c - Call Canine Familiar  Summ           35%        N/A       1%          3
d - Summon Guardian Gole  Hex/Summ       25%        N/A       4%          3

Your spell library contained the following spells:

 Spells                   Type           Power      Damage    Failure   Level
 Beastly Appendage        Tmut           10%        N/A       14%         1
 Necrotise                Necr           20%        1d5       14%         1
 Blink                    Tloc           10%        N/A       22%         2
 Lesser Beckoning         Tloc           10%        N/A       22%         2
 Momentum Strike          Conj/Tloc      10%        3d8       22%         2
 Wereblood                Tmut           5%         N/A       22%         2
 Summon Ice Beast         Ice/Summ       20%        N/A       28%         4
 Summon Lightning Spire   Summ/Air       20%        N/A       28%         4
 Summon Mana Viper        Hex/Summ       25%        N/A       38%         5
 Spider Form              Tmut/Pois      5%         N/A       41%         3
 Vampiric Draining        Necr           5%         2d6       41%         3
 Animate Dead             Necr           5%         N/A       82%         4
 Agony                    Necr           5%         N/A       99%         5
 Borgnjor's Vile Clutch   Necr/Erth      2%         N/A       99%         5
 Monstrous Menagerie      Summ           17%        N/A       99%         7
 Death Channel            Necr           2%         N/A       100%        6


Dungeon Overview and Level Annotations

Branches:
Dungeon (11/15)            Temple (0/1) D:7            Lair (1/5) D:9
  Sewer (visited)         Volcano (1/1)
    Orc: D:9-12

Altars:
Ashenzari
Dithmenos
Hepliaklqana
Kikubaaqudgha
Makhleb
Nemelex Xobeh
Ru
Vehumet
Wu Jian
Yredelemnul
Zin
The Shining One
Beogh

Shops:
D:10 *

Annotations:
D:6 exclusion: ogre, Grinder
D:8 2 runed translucent doors
D:9 Erica
D:11 exclusion: manticore


Message History

You slash the harpy skeleton! The harpy skeleton closely misses you.
The harpy skeleton claws you.
* * * LOW HITPOINT WARNING * * *
The harpy skeleton closely misses your hell hound.
The harpy skeleton claws your hell hound but does no damage.
The harpy skeleton claws you but does no damage.
The harpy skeleton closely misses you.
The harpy skeleton claws your hell hound.
The harpy skeleton claws your hell hound but does no damage.
The anaconda skeleton grabs you.
The anaconda skeleton bites you but does no damage.
The anaconda skeleton constricts you.
Your hell hound bites the harpy skeleton.
Your hound bites the gargoyle.
The gargoyle closely misses your hound. The harpy skeleton barely misses you.
The harpy skeleton claws you but does no damage.
Your lindwurm barely misses the anaconda skeleton.
Your lindwurm claws the anaconda skeleton!
Your lindwurm barely misses the anaconda skeleton.
You slash the anaconda skeleton!
The anaconda skeleton is almost destroyed.
You hit the harpy skeleton.
The harpy skeleton claws your hell hound but does no damage.
The harpy skeleton barely misses your hell hound.
The harpy skeleton claws you but does no damage.
The harpy skeleton claws you.
* * * LOW HITPOINT WARNING * * *
The anaconda skeleton bites you but does no damage.
The anaconda skeleton constricts you.
The harpy skeleton misses your hell hound.
The harpy skeleton closely misses your hell hound.
Your hound barely misses the gargoyle.
Your hell hound bites the harpy skeleton.
The harpy skeleton claws you.
* * * LOW HITPOINT WARNING * * *
The harpy skeleton claws you.
* * * LOW HITPOINT WARNING * * *
The gargoyle hurls a stone arrow at you.
The stone arrow hits your hound! The anaconda skeleton bites you.
You die...

#. #. ##≈§≈°§≈≈ ##.##.##
##≈§≈≈°≈§≈ ###......##
###≈≈≈§§≈§§≈ .........
##....≈≈≈°§§§
#.#..#.###.§....§≈§≈§≈
#....§9'......§≈≈≈§≈≈≈
###.#Z.#k###.≈..§≈≈≈§≈≈§
......hZZ9.##.#.§...≈≈≈≈
###....@h########...°..≈
###.∩.## ###.°... #...#
###... ##### ##.. ##. ##


You could see 2 gargoyles, an anaconda skeleton (ally target), 2 harpy
skeletons, a friendly lindwurm (summoned), a friendly hell hound (summoned) and
a friendly hound (summoned).

Vanquished Creatures
  3 flying skulls (Volcano)
  An alligator skeleton (Volcano)
  2 wyverns
  2 water moccasins
  5 orc warriors (D:11)
  3 wolves (Lair:1)
  A centaur (D:7)
  A phantom (D:5)
  A kobold brigand (D:10)
  3 bullfrogs
  A killer bee (D:5)
  3 hounds
  3 orc priests
  A jelly (Sewer)
  2 gnoll boudas (D:6)
  5 orc wizards
  4 gnolls
  4 adders
  A worm (D:2)
  4 dart slugs
  16 orcs
  2 bats
  5 endoplasms
  3 giant cockroaches
  3 hobgoblins (D:2)
  3 jackals
  A quokka (D:2)
  5 ball pythons
  3 frilled lizards
  6 goblins (D:2)
  9 kobolds
  6 rats
112 creatures vanquished.

Vanquished Creatures (collateral kills)
  A kobold demonologist (D:9)
  A cane toad (Lair:1)
  2 komodo dragons
  Prince Ribbit (D:8)
  A harpy skeleton (Volcano)
  A basilisk (Lair:1)
  A wyvern (D:9)
  2 yaks
  A steam dragon (D:8)
  2 water moccasins (D:9)
  A sky beast (D:6)
  11 orc warriors
  2 black bears
  3 ice beasts
  2 ogres
  4 centaurs
  4 wolves (Lair:1)
  4 phantoms
  2 kobold brigands
  A gnoll sergeant (D:9)
  4 bullfrogs
  Blork the orc (D:6)
  A scorpion (D:6)
  9 wights
  9 killer bees
  2 howler monkeys
  A troll skeleton (Volcano)
  A hound (D:5)
  2 jellies
  A gnoll bouda (D:6)
  16 orc priests
  A sleepcap (D:6)
  3 iguanas
  18 orc wizards
  Robin (D:2)
  13 gnolls
  10 adders
  A river rat (Sewer)
  A shadow imp (D:6)
  A white imp (D:8)
  4 worms
  66 orcs
  7 ball pythons
  4 endoplasms
  8 giant cockroaches
  5 goblins
  3 hobgoblins
  4 jackals (D:5)
  3 bats
  2 frilled lizards
  10 kobolds
  4 rats
263 creatures vanquished.

Vanquished Creatures (others)
  A two-headed ogre (D:10)
  A spriggan skeleton (Volcano)
  7 battlemagi
  6 ancestors
  31 plants
46 creatures vanquished.

Grand Total: 421 creatures vanquished

Notes
Turn   | Place    | Note
-------+----------+-------------------------------------------
     0 | D:1      | Lobster4 the Hill Orc Summoner began the quest for the Orb.
     0 | D:1      | Reached XP level 1. HP: 14/14 MP: 3/3
   266 | D:1      | Reached XP level 2. HP: 2/22 MP: 1/4
   359 | D:1      | Found a faded altar of an unknown god.
   411 | D:1      | Learned a level 2 spell: Call Imp
   718 | D:1      | Reached XP level 3. HP: 24/27 MP: 3/5
  1107 | D:1      | Reached skill level 1 in Fighting
  1402 | D:2      | Found a sparkling altar of Nemelex Xobeh.
  1477 | D:2      | Reached skill level 1 in Axes
  1477 | D:2      | Reached skill level 1 in Armour
  1729 | D:2      | Reached XP level 4. HP: 35/35 MP: 2/6
  2261 | D:2      | Noticed Robin
  2540 | D:2      | Killed Robin
  2612 | D:2      | Reached XP level 5. HP: 33/41 MP: 5/8
  3632 | D:3      | Learned a level 3 spell: Call Canine Familiar
  3995 | D:3      | Reached XP level 6. HP: 48/48 MP: 5/9
  4364 | D:3      | Found a hazy altar of Hepliaklqana.
  4391 | D:3      | Became a worshipper of Hepliaklqana the Forgotten
  4862 | D:4      | Reached skill level 1 in Evocations
  4948 | D:4      | Found a basalt altar of Yredelemnul.
  5019 | D:4      | Found a glowing drain.
  5040 | Sewer    | Entered a sewer
  5151 | Sewer    | Reached skill level 1 in Invocations
  5221 | Sewer    | Found a viscous altar of Jiyva.
  5225 | Sewer    | Reached XP level 7. HP: 56/56 MP: 8/10
  5335 | D:4      | Reached * piety under Hepliaklqana
  5568 | D:4      | Found an ancient bone altar of Kikubaaqudgha.
  5628 | D:4      | Reached skill level 1 in Throwing
  6469 | D:5      | Entered Level 5 of the Dungeon
  6699 | D:5      | Reached skill level 5 in Summonings
  6707 | D:5      | Reached XP level 8. HP: 16/56 MP: 5/12
  6926 | D:5      | Found an ornate altar of the Wu Jian Council.
  7208 | D:5      | Found a broken altar of Ashenzari.
  7240 | D:5      | Reached ** piety under Hepliaklqana
  7286 | D:5      | Found a burning altar of Makhleb.
  7375 | D:5      | Found a sacrificial altar of Ru.
  8099 | D:6      | Reached skill level 5 in Axes
  8187 | D:6      | Reached XP level 9. HP: 55/64 MP: 11/14
  8318 | D:6      | Noticed Blork the orc
  8342 | D:6      | Killed Blork the orc
  8877 | D:6      | Reached skill level 5 in Fighting
  8963 | D:5      | HP: 2/99 [killer bee (4)]
  9099 | D:6      | Reached *** piety under Hepliaklqana
  9171 | D:6      | Noticed Grinder
  9604 | D:7      | Found a glowing silver altar of Zin.
  9624 | D:6      | Remembered your ancestor Aylmer as a battlemage
  9713 | D:7      | Reached skill level 5 in Invocations
  9740 | D:7      | Reached skill level 5 in Armour
 10066 | D:7      | Found a staircase to the Ecumenical Temple.
 10353 | D:8      | Reached XP level 10. HP: 74/74 MP: 10/16
 10552 | D:8      | Found a large runed translucent door.
 10724 | D:8      | Found a radiant altar of Vehumet.
 10838 | D:8      | Found a large runed translucent door.
 10845 | D:8      | Noticed Prince Ribbit
 10863 | D:8      | Killed Prince Ribbit
 10871 | D:8      | Learned a level 3 spell: Summon Guardian Golem
 10902 | D:8      | Reached **** piety under Hepliaklqana
 11139 | D:8      | Found a shadowy altar of Dithmenos.
 11342 | D:8      | Reached skill level 5 in Dodging
 11495 | D:8      | Reached skill level 1 in Hexes
 11660 | D:8      | Found a roughly hewn altar of Beogh.
 12398 | D:9      | Noticed Erica
 12611 | D:9      | Found a staircase to the Lair.
 12611 | D:9      | Noticed a kobold demonologist
 12620 | D:9      | Noticed an orange demon
 12630 | D:9      | Killed a kobold demonologist
 12631 | D:9      | Reached XP level 11. HP: 82/82 MP: 12/18
 12852 | D:10     | Entered Level 10 of the Dungeon
 12860 | D:10     | Noticed a two-headed ogre
 12870 | D:10     | Killed a two-headed ogre
 12874 | D:10     | Reached skill level 5 in Spellcasting
 13301 | D:10     | Found a glowing golden altar of the Shining One.
 13386 | D:10     | Found Roeh's General Store.
 13416 | D:10     | Bought a scroll of enchant weapon for 120 gold pieces
 13626 | D:11     | Noticed a manticore
 13803 | D:11     | Reached skill level 1 in Shields
 13919 | D:11     | Found a roughly hewn altar of Beogh.
 14231 | Lair:1   | Entered Level 1 of the Lair of Beasts
 14365 | Lair:1   | Found a dark tunnel.
 14373 | Volcano  | Entered a volcano
 14462 | Volcano  | HP: 2/84 [something (20)]
 14475 | Volcano  | HP: 1/84 [gargoyle/stone arrow (8)]
 14480 | Volcano  | HP: 2/84 [harpy skeleton (5)]
 14480 | Volcano  | Slain by an anaconda skeleton

Illustrated notes

Levels and vault maps discovered:
D:1:      dpeg_arrival_prison, layout_loops_corners,
          shapermc_ecumenical_altar_mp_ritualfount
D:2:      minmay_general_purpose_star, layout_loops_ring, basic_altar,
          chequers_avenue, kennysheep_small_spiral, uniq_robin
D:3:      layout_basic, nicolae_overflow_crystal_walls, minmay_diced_spiral
D:4:      minmay_skewed_foursquare, layout_layer_cave,
          nicolae_kikubaaqudgha_miasma_corner,
          mainiacjoe_overflow_concentric_impassable, portal_sewer_entry_d
D:5:      layout_basic, overflow_temple_1_default, mainiacjoe_overflow_24_doors,
          nicolae_wu_jian_immortal_techniques, mainiacjoe_overflow_alcove_4
D:6:      minmay_flawed_box, layout_loops_corners, trog_antimagical,
          nicolae_grassy_gnolls, uniq_grinder, uniq_blork_the_orc
D:7:      layout_cave_pools, general_overflow_altar,
          minmay_temple_entry_enclosed_plants
D:8:      layout_loops_ring, nicolae_vehumet_radiance, jmf_multi_god_temple2,
          kennysheep_mini_moat, special_room [special_room_orc],
          uniq_prince_ribbit1
D:9:      layout_loops_cross, david_lair_shrubbed, erik_orc_1,
          grunt_ministairs_10, uniq_maggie, uniq_erica
D:10:     layout_basic, nicolae_tso_carved_into_rock, serial_shops,
          nicolae_shop_temple_entry_statues_fountains, minmay_misc_feat_ornament
D:11:     layout_roguey [special_room_orc], ebering_ghost_inner_flame
Lair:1:   minmay_guarded_unrand_snakebite, layout_hall_layers, enter_volcano_4,
          grunt_megastairs_2
Volcano:  volcano_tomb [vts_chambers]

Skill      XL: |  1  2  3  4  5  6  7  8  9 10 11 |
---------------+----------------------------------+-----
Stealth        | 2 |  2.0
Fighting       | 1 2 3 4 5 7 8 |  8.2
Axes           | 1 2 3 5 6 7 8 |  8.9
Armour         | 1 2 3 4 5 6 |  6.1
Dodging        | 2 3 4 5 6 |  6.0
Spellcasting   | 2 3 4 5 |  5.4
Evocations     | 1 2 3 |  3.0
Invocations    | 1 2 3 5 7 8 |  8.2
Throwing       | 1 |  1.2
Summonings     | 5 6 7 |  7.9
Hexes          | 2 3 |  3.0
Shields        | 2 |  2.4

Action                     |  1- 3 |  4- 6 |  7- 9 | 10-12 || total
---------------------------+-------+-------+-------+-------++-------
  Melee: Unarmed           |    14 |       |       |       ||    14
         Club              |     4 |       |       |       ||     4
         Hand axe          |    39 |   136 |   148 |    95 ||   418
         Punch             |       |       |     3 |     2 ||     5
         War axe           |       |       |       |    46 ||    46
  Throw: Dart              |       |       |       |     4 ||     4
   Cast: Summon Small Mamm |    44 |    79 |    98 |    76 ||   297
         Call Imp          |     2 |    25 |    37 |    33 ||    97
         Call Canine Famil |       |     1 |    26 |    31 ||    58
         Summon Guardian G |       |       |       |     2 ||     2
 Invoke: Recall Ancestor   |       |       |     1 |     3 ||     4
         Ancestor Life: Ba |       |       |     1 |       ||     1
         Idealise          |       |       |       |     1 ||     1
  Evoke: Wand              |       |     1 |       |       ||     1
    Use: Potion            |       |     2 |     3 |     4 ||     9
         Scroll            |       |     3 |     3 |    14 ||    20
   Stab: Distracted        |     2 |     1 |     3 |     1 ||     7
         Sleeping          |     1 |       |       |       ||     1
 Armour: Robe              |    13 |     3 |       |       ||    16
         Leather armour    |       |    61 |    61 |    81 ||   203
         Skin              |       |     8 |    12 |       ||    20
  Dodge: Dodged            |    42 |   115 |   109 |   141 ||   407
         Repelled          |       |       |       |     1 ||     1

Table legend: (Time is in decaauts)
 A = Elapsed time spent in this place.
 B = Non-inter-level travel time spent in this place.
 C = Inter-level travel time spent in this place.
 D = Time resting spent in this place.
 E = Time spent auto-exploring this place.
 F = Levels seen in this place.
 G = Mean time per level.
                   A        B        C        D        E       F      G
               +--------+--------+--------+--------+--------+-----+--------+
         Total |  14563 |  13810 |    753 |   1222 |   8716 |  14 | 1040.2 |
       Dungeon |  14019 |  13266 |    753 |   1207 |   8587 |  11 | 1274.5 |
          Lair |    142 |    142 |      0 |      0 |      0 |   1 |  142.0 |
         Sewer |    293 |    293 |      0 |     15 |    119 |   1 |  293.0 |
       Volcano |    108 |    108 |      0 |      0 |     10 |   1 |  108.0 |
               +--------+--------+--------+--------+--------+-----+--------+

Top non-repeatable levels by time:
     D:6: 1961 daAuts
     D:2: 1680 daAuts
     D:8: 1602 daAuts
     D:3: 1574 daAuts
     D:4: 1544 daAuts
     D:1: 1454 daAuts
     D:5: 1350 daAuts
     D:9: 995 daAuts
    D:10: 790 daAuts
     D:7: 692 daAuts
    D:11: 373 daAuts
   Sewer: 293 daAuts
  Lair:1: 142 daAuts
 Volcano: 108 daAuts
